AoeStats
← Obelix

Hideout

509506803Analyzed
1v1 RM · 6d ago on Sep 27, 2026· 36m 22s· 2 players
Game mode
Random Map
Map size
Tiny (2 player)
Population
200
Speed
Normal
Resources
Standard
Victory
Conquest
Starting age
Dark Age
Ending age
Imperial Age
RankedLock teamsTeams togetherTeam positionsShared explorationLock speedFull tech treeHidden civsTurbo modeCheats
Victory
Defeat
🇺🇸 Khmer · United States
777
+15
🇦🇺 Bengalis · Australia
753
-27
Obelix
2:56 Loom
11:00 Feudal Age
19:52 Castle Age
18:08 Man-at-Arms
18:35 Arson
19:03 Forging
20:26 Bloodlines
20:33 Horse Collar
20:39 Double-Bit Axe
20:58 Scale Mail Armor
21:53 Husbandry
28:11 Long Swordsman
30:44 Gambesons
30:54 Gambesons
36:10 Pikeman
Canned Banana
5:46 Loom
12:36 Feudal Age
13:05 Town Watch
13:56 Wheelbarrow
13:15 Horse Collar
16:52 Stone Mining
20:59 Castle Age
19:19 Arson
19:35 Man-at-Arms
21:37 Fletching
22:01 Town Patrol
21:57 Double-Bit Axe
22:17 Heavy Plow
23:14 Bodkin Arrow
24:46 Ballistics
24:49 Murder Holes
25:35 Gold Mining
27:34 Hand Cart
31:48 Stone Shaft Mining
35:44 Imperial Age
33:49 Masonry
36:06 Gold Shaft Mining
Connection lost

Rejoining the realm…

Still unreachable

The connection could not be restored.

Session expired

The server has moved on; the page needs a fresh start.